[Event "Titled Tuesday Blitz June 21 Early 2022"]
[White "Bilych, Olexiy"]
[Black "Pham, Le Thao Nguyen"]
[WhiteFideId "14156504"]
[BlackFideId "12401226"]
[WhiteElo "2189"]
[BlackElo "2282"]
[Result "0-1"]
[Round "03"]
[TimeControl "180+1"]
[Date "2022.06.22"]
[WhiteClock "0:00:10"]
[BlackClock "0:00:17"]

1. e4 c5 2. Nf3 e6 3. d4 cxd4 4. Nxd4 a6 5. Nc3 Qc7 6. Be2 b5 7. O-O Bb7 8. Bf3 Nc6 9. Nxc6 dxc6 10. e5 Qxe5 11. a4 b4 12. Ne4 Nf6 13. Re1 Rd8 14. Nxf6+ Qxf6 15. Qe2 Bc5 16. Be3 Bxe3 17. Qxe3 Qd4 18. Qxd4 Rxd4 19. c3 Rf4 20. Rad1 Ke7 21. Re3 Rd8 22. Rxd8 Kxd8 23. g3 Rc4 24. Be2 Rc5 25. cxb4 Rc2 26. b3 Kc7 27. Bd3 Rc1+ 28. Kg2 h6 29. Be4 Bc8 30. Re2 f5 31. Bf3 Rc3 32. Re3 Rxe3 33. fxe3 e5 34. Kf2 Be6 35. Bd1 Kb6 36. Ke2 c5 37. bxc5+ Kxc5 38. Kd2 Kb4 39. Be2 a5 40. Bb5 Bxb3 41. Bd7 Bxa4 42. Bxf5 Bb3 43. Kc1 Kc3 44. h4 a4 45. Kb1 a3 46. Ka1 Kd2 47. e4 Ke3 48. g4 Kf4 49. h5 Bc2 50. Ka2 Bxe4 51. Bc8 Bf3 52. Kxa3 Bxg4 53. Bb7 Bxh5 54. Kb4 Bf3 55. Bc8 g5 56. Kc3 Ke3 57. Bh3 g4 58. Bf1 g3 59. Ba6 g2 60. Bb7 0-1


[Site "https://www.chess.com"]

[Event "Titled Tuesday Blitz June 21 Early 2022"]
[White "Borisova, Ekaterina"]
[Black "Slugin, Sergey"]
[WhiteFideId "34124184"]
[BlackFideId "4122569"]
[WhiteElo "2039"]
[BlackElo "2358"]
[Result "1-0"]
[Round "03"]
[TimeControl "180+1"]
[Date "2022.06.22"]
[WhiteClock "0:00:10"]
[BlackClock "0:00:06"]

1. d4 Nf6 2. c4 g6 3. Nc3 d5 4. cxd5 Nxd5 5. Bd2 Bg7 6. e4 Nxc3 7. Bxc3 O-O 8. Qd2 c5 9. d5 e6 10. Bc4 exd5 11. Bxd5 Nc6 12. Nf3 Be6 13. Bxc6 bxc6 14. Bxg7 Kxg7 15. Qc3+ Qf6 16. Qxf6+ Kxf6 17. Kd2 Rab8 18. Kc2 Rb4 19. Nd2 Rfb8 20. Rhb1 a5 21. b3 Ke5 22. f3 f5 23. Re1 f4 24. Kc3 Rd8 25. Red1 Rbd4 26. Kc2 g5 27. Rac1 h5 28. Nb1 c4 29. Rxd4 Rxd4 30. Nd2 cxb3+ 31. axb3 a4 32. bxa4 Rxa4 33. Kd3 Kd6 34. Nc4+ Bxc4+ 35. Rxc4 Ra3+ 36. Kd4 Ra2 37. e5+ Kd7 38. Ke4 Rxg2 39. Kf5 g4 40. Rxf4 Rxh2 41. Kf6 Rf2 42. e6+ Kd6 43. Rd4+ Kc5 44. Ke5 Rxf3 45. e7 Re3+ 46. Re4 Rd3 47. e8=Q Rd5+ 48. Kf6 Rd6+ 49. Re6 Rd5 50. Qe7+ Kd4 51. Re5 Kd3 52. Rxd5+ cxd5 53. Qe5 d4 54. Kf5 Kc3 55. Ke4 1-0


[Site "https://www.chess.com"]

[Event "Titled Tuesday Blitz June 21 Early 2022"]
[White "Bortnyk, Olexandr"]
[Black "Abdrlauf, Elham"]
[WhiteFideId "14120828"]
[BlackFideId "1533533"]
[WhiteElo "2723"]
[BlackElo "2403"]
[Result "1-0"]
[Round "03"]
[TimeControl "180+1"]
[Date "2022.06.21"]
[WhiteClock "0:00:59"]
[BlackClock "0:00:06"]

1. d4 Nf6 2. Nc3 d5 3. Bf4 c5 4. e4 dxe4 5. dxc5 Qxd1+ 6. Rxd1 Bd7 7. Nb5 Bxb5 8. Bxb5+ Nc6 9. Ne2 e5 10. Bxe5 Bxc5 11. Bxf6 gxf6 12. Ng3 O-O 13. O-O Rfe8 14. Rd7 Re7 15. Rxb7 Nd4 16. Rxe7 Bxe7 17. Ba4 Rb8 18. c3 Ne6 19. b3 Nc5 20. Bc6 Rc8 21. Bd5 Bd6 22. Nf5 Rd8 23. Rd1 Ne6 24. g3 Be5 25. c4 Kf8 26. Ne3 Nd4 27. Bxe4 f5 28. Bxf5 h6 29. Kg2 Ke7 30. Be4 Kd6 31. Nf5+ Kc5 32. Nxh6 Rd7 33. h4 Bg7 34. Nf5 Bh8 35. h5 Kb4 36. Nxd4 Rxd4 37. Rxd4 Bxd4 38. Bd5 Ka3 39. Bxf7 a5 40. h6 Kxa2 41. h7 Kxb3 42. c5+ Kb4 43. c6 Be5 44. c7 Bxc7 45. h8=Q Be5 46. Qxe5 a4 47. Qd4+ Ka3 48. Qc3# 1-0


[Site "https://www.chess.com"]

[Event "Titled Tuesday Blitz June 21 Early 2022"]
[White "Bryakin, Mikhail"]
[Black "Terry, Renato"]
[WhiteFideId "4165314"]
[BlackFideId "3803457"]
[WhiteElo "2417"]
[BlackElo "2577"]
[Result "0-1"]
[Round "03"]
[TimeControl "180+1"]
[Date "2022.06.21"]
[WhiteClock "0:00:03"]
[BlackClock "0:00:05"]

1. e4 e6 2. d4 d5 3. exd5 exd5 4. Bd3 Nc6 5. c3 Bd6 6. Ne2 Qh4 7. Ng3 Bxg3 8. fxg3 Qe7+ 9. Qe2 Qxe2+ 10. Kxe2 Nge7 11. Bf4 Kd8 12. Na3 Bf5 13. Nb5 Rc8 14. Rhe1 Kd7 15. Bxf5+ Nxf5 16. Kd3 a6 17. Na3 h5 18. Re2 Rce8 19. Rae1 Rxe2 20. Rxe2 f6 21. h4 Nce7 22. Nc2 Ng6 23. Ne3 Nxe3 24. Bxe3 Re8 25. Rf2 c6 26. Rf5 Rh8 27. b3 Ke6 28. Rf1 Ne7 29. c4 Nf5 30. Bf4 Rd8 31. Re1+ Kf7 32. c5 Re8 33. Rxe8 Kxe8 34. b4 Kf7 35. a4 Ke6 36. Bb8 Nh6 37. Ke3 Nf5+ 38. Kd3 g5 39. hxg5 fxg5 40. g4 hxg4 41. g3 Ne7 42. Ke3 Kf5 43. Bd6 Ng6 44. Bb8 Nf8 45. Bd6 Ne6 46. Be5 Kg6 47. Kd3 Kf7 48. a5 Kg6 49. Ke3 Kf5 50. Bd6 Nd8 51. Be5 Nf7 52. Bc7 Ke6 53. Bb8 Nh6 54. Kd3 Nf5 55. Bc7 Kf7 56. Bb8 Ne7 57. Bd6 Ng6 58. Ke3 Ke6 59. Bb8 Nh8 60. Be5 Nf7 61. Bc7 Kd7 62. Bb8 Kc8 63. Bd6 Nxd6 64. cxd6 Kd7 65. Kd3 Kxd6 66. Kc3 Kd7 67. Kb3 Kc7 68. Ka3 Kb8 69. Kb3 Ka7 70. Ka3 Ka8 71. Kb3 Kb8 72. Kc3 Kc7 73. Kb3 b6 74. axb6+ Kxb6 75. Ka4 Kb7 76. Kb3 Ka7 77. Ka3 Kb6 78. Ka4 Kb7 79. Kb3 Kc7 80. Ka4 Kb6 81. Kb3 Kb5 0-1


[Site "https://www.chess.com"]

[Event "Titled Tuesday Blitz June 21 Early 2022"]
[White "Clasby, Derek"]
[Black "Karas, Marek"]
[WhiteFideId "30932300"]
[BlackFideId "14928558"]
[WhiteElo "2013"]
[BlackElo "2271"]
[Result "1-0"]
[Round "03"]
[TimeControl "180+1"]
[Date "2022.06.22"]
[WhiteClock "0:00:14"]
[BlackClock "0:00:25"]

1. e4 e6 2. d4 d5 3. Nd2 a6 4. Ngf3 c5 5. exd5 exd5 6. Be2 Nf6 7. O-O Be7 8. c4 O-O 9. dxc5 Bxc5 10. Nb3 Be7 11. Bg5 dxc4 12. Bxc4 Nc6 13. Re1 Bg4 14. Qxd8 Raxd8 15. Ne5 Nxe5 16. Rxe5 Bd6 17. Ree1 Rfe8 18. h3 Bf5 19. Nd4 Bc8 20. Rxe8+ Rxe8 21. Bxf6 gxf6 22. Nf3 Bc5 23. Rc1 Bb6 24. Kf1 Bf5 25. Re1 Rc8 26. b3 Bc5 27. a4 Bb4 28. Rd1 Rc5 29. Rd8+ Kg7 30. Nd4 Bg6 31. Rd7 Kh6 32. Rxb7 a5 33. g4 Kg5 34. Kg2 Be4+ 35. Kg3 Bxb7 36. Bxf7 Bd5 37. f4+ Kh6 38. Nf5# 1-0


[Site "https://www.chess.com"]

[Event "Titled Tuesday Blitz June 21 Early 2022"]
[White "Corrales Jimenez, Fidel"]
[Black "Dobre, Claudiu-Cristian"]
[WhiteFideId "3506690"]
[BlackFideId "1211854"]
[WhiteElo "2541"]
[BlackElo "2207"]
[Result "1-0"]
[Round "03"]
[TimeControl "180+1"]
[Date "2022.06.22"]
[WhiteClock "0:00:15"]
[BlackClock "0:00:01"]

1. d4 d5 2. c4 c6 3. Nf3 Nf6 4. Nc3 e6 5. e3 Nbd7 6. Bd3 Bd6 7. e4 dxe4 8. Nxe4 Nxe4 9. Bxe4 e5 10. O-O exd4 11. Qxd4 Qf6 12. Bg5 Qxd4 13. Nxd4 Nc5 14. Bf3 O-O 15. Rad1 f6 16. Be3 Be7 17. Rfe1 Kf7 18. Bf4 Ne6 19. Nf5 Bb4 20. Bd2 Bxd2 21. Rxd2 Ng5 22. Re7+ Kg8 23. Nxg7 Nxf3+ 24. gxf3 Bh3 25. Nh5 Rf7 26. Re3 Bf5 27. Kg2 Bg6 28. Nf4 Kf8 29. h4 Re7 30. Kg3 Rxe3 31. fxe3 Re8 32. e4 1-0


[Site "https://www.chess.com"]

[Event "Titled Tuesday Blitz June 21 Early 2022"]
[White "Cunha, Lucas Aguiar"]
[Black "Migot, Tangi"]
[WhiteFideId "2125404"]
[BlackFideId "662445"]
[WhiteElo "2328"]
[BlackElo "2492"]
[Result "1-0"]
[Round "03"]
[TimeControl "180+1"]
[Date "2022.06.22"]
[WhiteClock "0:00:13"]
[BlackClock "0:00:14"]

1. e4 d5 2. exd5 Qxd5 3. Nc3 Qd8 4. d4 Nf6 5. Nf3 Bg4 6. h3 Bxf3 7. Qxf3 c6 8. Be3 Nbd7 9. Bc4 e6 10. O-O Nd5 11. Nxd5 cxd5 12. Bd3 Rc8 13. b3 a6 14. c4 Nf6 15. Rac1 Ba3 16. Rc2 O-O 17. c5 Bb4 18. Ra1 Re8 19. a3 Ba5 20. b4 Bc7 21. a4 e5 22. dxe5 Bxe5 23. Rb1 d4 24. Bd2 Qd5 25. Qd1 Ne4 26. Be1 g6 27. Bc4 Qd7 28. Re2 Bb8 29. Qd3 Nf6 30. Rxe8+ Rxe8 31. g3 Qxh3 32. Qf3 Kg7 33. Qxb7 Rf8 34. Bxa6 Ng4 35. Qg2 Qh5 36. Be2 Qf5 37. Rd1 Ne5 38. Rxd4 h5 39. Bc3 Kh7 40. Rd1 h4 41. Qh1 Kg7 42. Qxh4 Rh8 43. Qd4 Qh5 44. Bxh5 1-0


[Site "https://www.chess.com"]

[Event "Titled Tuesday Blitz June 21 Early 2022"]
[White "Deviprasath, Sharvesh"]
[Black "Sailer, Mike"]
[WhiteFideId "30938228"]
[BlackFideId "2012901"]
[WhiteElo "2102"]
[BlackElo "2109"]
[Result "1-0"]
[Round "03"]
[TimeControl "180+1"]
[Date "2022.06.22"]
[WhiteClock "0:00:11"]
[BlackClock "0:00:03"]

1. Nf3 d5 2. c4 c6 3. e3 Nf6 4. Nc3 a6 5. d4 Bf5 6. Ne5 Nbd7 7. g4 Bg6 8. g5 Ne4 9. Nf3 e6 10. h4 Bh5 11. Be2 Bb4 12. Bd2 Nxd2 13. Qxd2 dxc4 14. O-O-O b5 15. Ng1 Bxe2 16. Ngxe2 Nb6 17. f4 Na4 18. h5 Qa5 19. Rdg1 Nxc3 20. Nxc3 Bxc3 21. Qxc3 Qxa2 22. Kd2 Qb3 23. Qxb3 cxb3 24. h6 g6 25. Kc3 Kd7 26. e4 Rhc8 27. Kxb3 c5 28. dxc5 Rxc5 29. Rc1 Rac8 30. Rhd1+ Ke7 31. Rxc5 Rxc5 32. e5 a5 33. Rd6 Rd5 34. Rb6 Kd7 35. Rb7+ Kc6 36. Rxf7 Rd3+ 37. Ka2 Kc5 38. Rc7+ Kb4 39. Rxh7 a4 40. f5 a3 41. fxg6 Rd2 42. g7 Rxb2+ 43. Ka1 Rf2 44. g8=Q Rf1+ 45. Ka2 Rf2+ 46. Kb1 Rf1+ 47. Kc2 Rf2+ 48. Kd3 a2 49. Ra7 Rf3+ 50. Ke2 Ra3 51. Rxa3 Kxa3 52. Qxe6 a1=Q 53. Qa6+ Kb2 54. Qxa1+ Kxa1 55. h7 b4 56. h8=Q b3 57. e6+ b2 58. Qxb2+ Kxb2 59. e7 1-0


[Site "https://www.chess.com"]

[Event "Titled Tuesday Blitz June 21 Early 2022"]
[White "Dhanush, Bharadwaj"]
[Black "Pranesh M"]
[WhiteFideId "25058746"]
[BlackFideId "35028600"]
[WhiteElo "2291"]
[BlackElo "1902"]
[Result "0-1"]
[Round "03"]
[TimeControl "180+1"]
[Date "2022.06.22"]
[WhiteClock "0:00:41"]
[BlackClock "0:02:15"]

1. Nf3 Nf6 2. c4 c6 3. g3 d5 4. b3 g6 5. Bb2 Bg7 6. Bg2 O-O 7. O-O a5 8. d3 a4 9. Nbd2 a3 10. Bc3 Nbd7 11. Rb1 Re8 12. Ba1 e5 13. e4 dxe4 14. Nxe4 Nxe4 15. dxe4 Nc5 16. Qxd8 Rxd8 17. Bxe5 Nxe4 18. Bxg7 Kxg7 19. Rbd1 Bf5 20. Nh4 Nc3 21. Nxf5+ gxf5 22. Ra1 Rd2 23. Rfe1 Rxa2 24. Rxa2 Nxa2 25. Ra1 Nb4 26. Kf1 a2 27. Ke1 Nc2+ 0-1


[Site "https://www.chess.com"]

[Event "Titled Tuesday Blitz June 21 Early 2022"]
[White "Di Nicolantonio, Lucas"]
[Black "Srbis, Jurica"]
[WhiteFideId "680460"]
[BlackFideId "14515555"]
[WhiteElo "2381"]
[BlackElo "2519"]
[Result "0-1"]
[Round "03"]
[TimeControl "180+1"]
[Date "2022.06.22"]
[WhiteClock "0:00:23"]
[BlackClock "0:00:45"]

1. d4 Nf6 2. Bg5 e6 3. e4 h6 4. Bxf6 Qxf6 5. c3 d5 6. Bd3 c5 7. dxc5 Bxc5 8. Nf3 O-O 9. O-O Nc6 10. Nbd2 Bb6 11. Qe2 Bd7 12. Rad1 Rad8 13. Rfe1 Rfe8 14. Bc2 Bc8 15. h3 g6 16. exd5 Ne7 17. Ne4 Qg7 18. d6 Nf5 19. g4 Bd7 20. Qf1 Bc6 21. Qg2 Bxe4 22. Bxe4 Nxd6 23. Bc2 Nc4 24. Bb3 Nxb2 25. Rxd8 Rxd8 26. Ne5 Nd3 27. Nxd3 Rxd3 28. c4 Qc3 29. Qe4 Rxh3 30. c5 Bxc5 31. Kg2 Bxf2 32. Kxf2 Rh2+ 33. Kf1 Qh3+ 34. Kg1 Qg3+ 35. Kf1 Qf2# 0-1


[Site "https://www.chess.com"]

[Event "Titled Tuesday Blitz June 21 Early 2022"]
[White "Dobrikov, Marco"]
[Black "Riehle, Marco"]
[WhiteFideId "12950378"]
[BlackFideId "12904392"]
[WhiteElo "2101"]
[BlackElo "2462"]
[Result "0-1"]
[Round "03"]
[TimeControl "180+1"]
[Date "2022.06.21"]
[WhiteClock "0:00:45"]
[BlackClock "0:01:08"]

1. e4 e5 2. Nf3 Nf6 3. Nxe5 Nxe4 4. Qe2 Qe7 5. Qxe4 d6 6. d4 dxe5 7. Qxe5 Qxe5+ 8. dxe5 Bf5 9. Bd3 Bxd3 10. cxd3 Nc6 11. O-O O-O-O 12. Bf4 Nb4 13. Nc3 Nxd3 14. Bg3 Nxb2 15. Rab1 Nd3 16. Nb5 Bc5 17. e6 c6 18. e7 Rd7 19. Nc3 Rxe7 20. Rfd1 Rd8 21. Na4 b6 22. Rb3 Nf4 23. Rxd8+ Kxd8 24. Kf1 Ne6 25. Rd3+ Rd7 26. Rc3 Rd2 27. Nxc5 Nxc5 28. a3 Kd7 29. Ke1 Rd3 30. Rxd3+ Nxd3+ 31. Kd2 Nc5 32. Be5 f6 33. Bb2 Kd6 34. Ke3 Kd5 35. h4 b5 36. h5 h6 37. g4 a5 38. Bc3 a4 39. f4 Ne4 40. Ba5 Nd6 41. Bd8 c5 42. Be7 b4 43. Bf8 bxa3 44. Bxg7 Ne8 45. Bxf6 Nxf6 46. g5 Nxh5 47. gxh6 Nf6 48. h7 Nxh7 0-1


[Site "https://www.chess.com"]

[Event "Titled Tuesday Blitz June 21 Early 2022"]
[White "Dubov, Daniil"]
[Black "Gormally, Daniel W"]
[WhiteFideId "24126055"]
[BlackFideId "406465"]
[WhiteElo "2791"]
[BlackElo "2543"]
[Result "1-0"]
[Round "03"]
[TimeControl "180+1"]
[Date "2022.06.21"]
[WhiteClock "0:02:54"]
[BlackClock "0:02:19"]

1. d4 Nf6 2. c4 g6 3. Nc3 d5 4. cxd5 Nxd5 5. e4 Nxc3 6. bxc3 Bg7 7. Nf3 c5 8. Bb5+ Nc6 9. O-O O-O 10. Bxc6 bxc6 11. Qc2 cxd4 12. cxd4 Bg4 13. Ne5 Qxd4 14. Bb2 1-0


[Site "https://www.chess.com"]

[Event "Titled Tuesday Blitz June 21 Early 2022"]
[White "Durarbayli, Vasif"]
[Black "Csonka, Balazs"]
[WhiteFideId "13402935"]
[BlackFideId "742910"]
[WhiteElo "2528"]
[BlackElo "2404"]
[Result "1-0"]
[Round "03"]
[TimeControl "180+1"]
[Date "2022.06.21"]
[WhiteClock "0:00:19"]
[BlackClock "0:00:09"]

1. e4 c6 2. Nf3 d5 3. Nc3 dxe4 4. Nxe4 Nf6 5. Qe2 Nxe4 6. Qxe4 Nd7 7. Bc4 Nf6 8. Ne5 e6 9. Qe2 b5 10. Bb3 Qc7 11. d4 Bd6 12. a4 Rb8 13. Bg5 O-O 14. axb5 cxb5 15. c3 Nd5 16. Bd2 a5 17. O-O a4 18. Bc2 Bxe5 19. dxe5 Bd7 20. h4 Rfc8 21. Bd3 Qd8 22. Qe4 g6 23. Bg5 Qf8 24. h5 b4 25. c4 Ne7 26. Qh4 Nf5 27. Bxf5 exf5 28. Rfd1 Be6 29. Rd4 a3 30. b3 Rc5 31. Be7 Qc8 32. h6 Rc7 33. Qf6 1-0


[Site "https://www.chess.com"]

[Event "Titled Tuesday Blitz June 21 Early 2022"]
[White "Dushyant Sharma"]
[Black "Nguyen, Quoc Hy"]
[WhiteFideId "25065130"]
[BlackFideId "12410853"]
[WhiteElo "2105"]
[BlackElo "1938"]
[Result "1-0"]
[Round "03"]
[TimeControl "180+1"]
[Date "2022.06.22"]
[WhiteClock "0:00:07"]
[BlackClock "0:00:01"]

1. e4 e5 2. Nf3 Nc6 3. Nc3 Bb4 4. Bb5 Nge7 5. O-O O-O 6. d3 d6 7. Bg5 Bg4 8. Nd5 f6 9. Bh4 Nxd5 10. exd5 Nd4 11. Bc4 Nxf3+ 12. gxf3 Bh3 13. Kh1 g5 14. Rg1 Kh8 15. Bg3 f5 16. c3 Ba5 17. a4 Bb6 18. a5 f4 19. axb6 cxb6 20. d4 Qf6 21. dxe5 dxe5 22. Qd2 a6 23. Rae1 Rae8 24. Bd3 h5 25. Be4 Rg8 26. c4 h4 27. b4 Bf5 28. Qd3 Bh3 29. c5 bxc5 30. bxc5 Rc8 31. c6 bxc6 32. dxc6 g4 33. Qd7 Qh6 34. Bxf4 exf4 35. fxg4 f3 36. Qd4+ Rg7 37. Bxf3 Rf8 38. Bd5 Qd6 39. Qe5 Qxe5 40. Rxe5 Bxg4 41. h3 1-0


[Site "https://www.chess.com"]

[Event "Titled Tuesday Blitz June 21 Early 2022"]
[White "Dwilewicz, Katarzyna"]
[Black "Roberson, Peter T"]
[WhiteFideId "1148486"]
[BlackFideId "412384"]
[WhiteElo "1907"]
[BlackElo "2346"]
[Result "0-1"]
[Round "03"]
[TimeControl "180+1"]
[Date "2022.06.22"]
[WhiteClock "0:00:04"]
[BlackClock "0:00:07"]

1. e4 e5 2. Nf3 Nc6 3. Nc3 Bb4 4. Bb5 Nge7 5. O-O O-O 6. d4 Bxc3 7. bxc3 d6 8. h3 Bd7 9. Re1 Ng6 10. Bd3 h6 11. Be3 Qf6 12. d5 Nce7 13. Bf1 Nf4 14. Kh2 g5 15. g3 Kh7 16. c4 b6 17. gxf4 gxf4 18. Bd2 Rg8 19. Be2 Ng6 20. Rg1 Nh4 21. Qf1 Rxg1 22. Qxg1 Rg8 23. Qh1 Rg2+ 24. Qxg2 Nxg2 25. Kxg2 Qg6+ 26. Kh2 Qh5 27. Ng1 Qh4 28. Rf1 f5 29. Be1 fxe4 30. f3 Qh5 31. fxe4 Qe8 32. Bf3 Bc8 33. Ne2 Qa4 34. Rg1 Qxc2 35. Kh1 Bxh3 36. Bh4 h5 37. Bf6 Bg4 38. Kg2 Qxc4 39. Rh1 Kg6 40. Bh4 Qd3 41. Bxg4 hxg4 42. Kf2 Qe3+ 43. Ke1 f3 44. Rh2 fxe2 45. Rxe2 Qc1+ 46. Kf2 Qf4+ 47. Ke1 Qf3 48. Bf2 g3 49. Bg1 g2 50. Rf2 Qxe4+ 51. Kd2 Qxd5+ 52. Kc1 c5 53. Rxg2+ Qxg2 0-1


[Site "https://www.chess.com"]

[Event "Titled Tuesday Blitz June 21 Early 2022"]
[White "Eggleston, Thomas A"]
[Black "Aldokhin, Ivan"]
[WhiteFideId "412139"]
[BlackFideId "24115720"]
[WhiteElo "2174"]
[BlackElo "2231"]
[Result "0-1"]
[Round "03"]
[TimeControl "180+1"]
[Date "2022.06.22"]
[WhiteClock "0:00:01"]
[BlackClock "0:00:04"]

1. e4 e6 2. d4 d5 3. e5 b6 4. c4 Bb7 5. Nf3 dxc4 6. Bxc4 Ne7 7. O-O Nd5 8. Nc3 Nxc3 9. bxc3 Be7 10. h3 O-O 11. Nh2 c5 12. f4 Nc6 13. Be3 Na5 14. Bd3 g6 15. Rf2 cxd4 16. cxd4 Qd5 17. Ng4 Kh8 18. f5 exf5 19. Nf6 Bxf6 20. exf6 Rfe8 21. Qd2 Rad8 22. Rd1 f4 23. Bxf4 Qxd4 24. Bh6 Qd5 25. Bg7+ Kg8 26. Bf8 Qh5 27. Be7 Rd7 28. Qc2 Bd5 29. Re1 Be6 30. a4 Nb7 31. Bb5 Nc5 32. Bxd7 Bxd7 33. Rfe2 Be6 34. Bxc5 bxc5 35. Re5 Qh4 36. Qxc5 Qg3 37. Qe3 Qh4 38. Qxa7 Qxf6 39. a5 Rc8 40. a6 Rc2 41. Qb8+ Kg7 42. Qb4 Qf2+ 43. Kh1 Qxg2# 0-1


[Site "https://www.chess.com"]

[Event "Titled Tuesday Blitz June 21 Early 2022"]
[White "Espinosa Veloz, Ermes"]
[Black "Dudzinski, Pawel"]
[WhiteFideId "3507424"]
[BlackFideId "1117890"]
[WhiteElo "2333"]
[BlackElo "2011"]
[Result "1/2-1/2"]
[Round "03"]
[TimeControl "180+1"]
[Date "2022.06.22"]
[WhiteClock "0:00:24"]
[BlackClock "0:00:20"]

1. e4 c6 2. d4 d5 3. e5 c5 4. Nf3 Nc6 5. c4 cxd4 6. Nxd4 e6 7. Nc3 Nge7 8. cxd5 Nxd5 9. Bb5 Bd7 10. Nxd5 Nxd4 11. Bxd7+ Qxd7 12. Qxd4 Qxd5 13. Qxd5 exd5 14. Be3 Bb4+ 15. Bd2 Bxd2+ 16. Kxd2 Rc8 17. Rac1 Ke7 18. Kd3 Ke6 19. f4 Rc6 20. Rxc6+ bxc6 21. Rc1 Kd7 22. b3 Rb8 23. Rc5 Rb4 24. g3 Kc7 25. Rc2 Re4 26. a3 a5 27. h4 h5 28. Rf2 c5 29. Rc2 Kb6 30. Rc1 Kb5 31. Rc2 Kb6 32. Rc1 Kb5 33. Rg1 Kc6 34. Rc1 Kb5 1/2-1/2


[Site "https://www.chess.com"]

[Event "Titled Tuesday Blitz June 21 Early 2022"]
[White "Estrada Nieto, Julian"]
[Black "Hartikainen, Jarmo"]
[WhiteFideId "5101018"]
[BlackFideId "503134"]
[WhiteElo "2252"]
[BlackElo "2152"]
[Result "1-0"]
[Round "03"]
[TimeControl "180+1"]
[Date "2022.06.22"]
[WhiteClock "0:01:04"]
[BlackClock "0:00:16"]

1. e4 c5 2. Nf3 Nc6 3. Bb5 g6 4. Bxc6 dxc6 5. d3 Bg4 6. Nbd2 Bg7 7. h3 Bxf3 8. Nxf3 e5 9. O-O Qc7 10. a4 Nf6 11. Be3 Nd7 12. Nd2 O-O 13. a5 b6 14. Qb1 f5 15. Qa2+ Kh8 16. axb6 axb6 17. Qxa8 Rxa8 18. Rxa8+ Nf8 19. Rfa1 f4 20. R1a7 Qd6 21. Nc4 Qe6 22. Bd2 b5 23. Nb6 f3 24. Nd7 Kg8 25. Nxf8 Bxf8 26. Bh6 1-0


[Site "https://www.chess.com"]

[Event "Titled Tuesday Blitz June 21 Early 2022"]
[White "Fier, Alexandr"]
[Black "Chigaev, Maksim"]
[WhiteFideId "2107139"]
[BlackFideId "4108116"]
[WhiteElo "2571"]
[BlackElo "2457"]
[Result "1/2-1/2"]
[Round "03"]
[TimeControl "180+1"]
[Date "2022.06.21"]
[WhiteClock "0:01:50"]
[BlackClock "0:00:18"]

1. d4 Nf6 2. c4 e6 3. Nc3 Bb4 4. e3 c5 5. Ne2 d5 6. dxc5 O-O 7. cxd5 exd5 8. g3 Bg4 9. Bg2 Na6 10. O-O Bxc3 11. bxc3 Nxc5 12. h3 Bf5 13. Nf4 Be4 14. Ba3 Bxg2 15. Kxg2 Rc8 16. Qd4 b6 17. Rfd1 Re8 18. Nxd5 Nxd5 19. Qxd5 Qxd5+ 20. Rxd5 Ne4 21. Bb2 Nxc3 22. Bxc3 Rxc3 23. a4 Rc7 24. a5 bxa5 25. Rdxa5 Ree7 26. g4 h6 27. Ra6 g6 28. h4 Kg7 29. R1a5 Rc4 30. Ra4 Rxa4 31. Rxa4 Rb7 32. Ra6 Rc7 33. f4 Rb7 34. Kf3 Rc7 35. h5 gxh5 36. gxh5 Rd7 37. Kg4 Re7 38. Kf3 Rd7 39. e4 Rb7 40. e5 Rc7 41. Kg4 Rb7 42. Kf5 Rc7 43. Ra1 Rb7 44. Ra6 Rc7 45. Ke4 Rc4+ 46. Ke3 Rc7 47. f5 Rb7 48. f6+ Kg8 49. Ke4 Rc7 50. Kf5 Rb7 51. e6 Rb5+ 52. Ke4 fxe6 53. Rxe6 Rxh5 54. Ra6 Kf7 55. Rxa7+ 1/2-1/2


[Site "https://www.chess.com"]

[Event "Titled Tuesday Blitz June 21 Early 2022"]
[White "Florescu, Codrut-Constantin"]
[Black "Nasir, Zehn"]
[WhiteFideId "1202200"]
[BlackFideId "2613239"]
[WhiteElo "2191"]
[BlackElo "1993"]
[Result "1/2-1/2"]
[Round "03"]
[TimeControl "180+1"]
[Date "2022.06.22"]
[WhiteClock "0:00:22"]
[BlackClock "0:00:05"]

1. d4 Nf6 2. Nf3 d5 3. c4 c6 4. Nc3 e6 5. e3 Nbd7 6. Qc2 Be7 7. Be2 O-O 8. O-O b6 9. e4 dxe4 10. Nxe4 Bb7 11. Bf4 c5 12. Nxf6+ Bxf6 13. dxc5 Nxc5 14. Rad1 Qc8 15. Ne5 Be4 16. Qc1 Rd8 17. Qe3 Qb7 18. f3 Bc2 19. Rc1 Bd3 20. Kh1 Bxe2 21. Qxe2 Rd4 22. Bg3 Rad8 23. b4 Nd7 24. Ng4 Be7 25. h3 Nf8 26. Rfd1 Ng6 27. Ne5 Nxe5 28. Bxe5 Rxd1+ 29. Rxd1 Qc8 30. Rxd8+ Qxd8 31. b5 f6 32. Bg3 Kf7 33. Bf2 Qc7 34. Qe4 g6 35. Qd3 Qd6 36. Qxd6 Bxd6 37. g4 f5 38. Kg2 Bb4 39. Kf1 Ke7 40. Ke2 Kd6 41. Kd3 Bc5 42. Bg3+ Kd7 43. a4 Bb4 44. Be5 Ba3 45. Bd4 Kd6 46. a5 Bc5 47. Bc3 bxa5 48. Bxa5 e5 49. Bd2 h5 50. Bh6 Ke6 51. Bd2 hxg4 52. hxg4 fxg4 53. fxg4 Kd6 54. Ke4 Ke6 55. Bc3 Bd6 56. Be1 Bc7 57. Bf2 Bb8 58. Bc5 Kf6 59. Kd5 Kg5 60. Be3+ Kxg4 61. c5 Kf3 62. Bg1 e4 63. c6 e3 64. Bxe3 Kxe3 65. Ke6 g5 66. Kd7 g4 67. Kc8 Bd6 68. Kb7 g3 69. Kxa7 g2 70. b6 g1=Q 71. c7 Bxc7 72. bxc7 Qa1+ 73. Kb8 Qb2+ 74. Ka8 Qa3+ 75. Kb8 Qb4+ 76. Ka8 Qa5+ 77. Kb8 Qb6+ 78. Ka8 Qc6+ 79. Kb8 Qd6 80. Ka8 Qd7 81. Kb8 Qb5+ 82. Ka8 Qa6+ 83. Kb8 Qb6+ 84. Ka8 Qxc7 1/2-1/2


[Site "https://www.chess.com"]

[Event "Titled Tuesday Blitz June 21 Early 2022"]
[White "Fries-Nielsen, Jens Ove"]
[Black "Kozak, Antoni"]
[WhiteFideId "1400142"]
[BlackFideId "21832030"]
[WhiteElo "2509"]
[BlackElo "2320"]
[Result "1-0"]
[Round "03"]
[TimeControl "180+1"]
[Date "2022.06.22"]
[WhiteClock "0:01:07"]
[BlackClock "0:00:41"]

1. e4 e6 2. d4 d5 3. e5 c5 4. c3 Nc6 5. Ne2 Nge7 6. g3 Nf5 7. Bh3 Be7 8. Na3 Bd7 9. Nc2 Rc8 10. Bxf5 exf5 11. Be3 Be6 12. h4 Na5 13. b3 O-O 14. dxc5 b6 15. cxb6 axb6 16. Ncd4 Nb7 17. Nf4 Bd7 18. e6 Be8 19. Nxf5 Bf6 20. Bd4 Bb5 21. e7 Bxe7 22. Nxg7 Bf6 23. Qg4 Bd7 24. Nfe6 fxe6 25. Nh5+ Kf7 26. Bxf6 Rg8 27. Qf4 e5 28. Bxe5+ Kg6 29. Nf6 Rf8 30. h5+ Kf7 31. Nxd7+ Ke6 32. Nxf8+ Qxf8 33. Qxf8 Rxf8 34. Bd4 Nc5 35. O-O-O 1-0


[Site "https://www.chess.com"]

[Event "Titled Tuesday Blitz June 21 Early 2022"]
[White "Fromm, Marius"]
[Black "Gatterer, Florian"]
[WhiteFideId "12993190"]
[BlackFideId "811688"]
[WhiteElo "2274"]
[BlackElo "2218"]
[Result "1-0"]
[Round "03"]
[TimeControl "180+1"]
[Date "2022.06.22"]
[WhiteClock "0:00:03"]
[BlackClock "0:00:04"]

1. e4 c5 2. Nf3 Nc6 3. Bb5 e5 4. O-O Bd6 5. c3 a6 6. Ba4 b5 7. Bc2 c4 8. b3 cxb3 9. axb3 Nge7 10. d4 exd4 11. cxd4 Nb4 12. e5 Bc7 13. Be4 Nbd5 14. Bg5 Bb7 15. Qd2 h6 16. Bh4 O-O 17. Nc3 Ba5 18. Rxa5 Qxa5 19. Nxd5 Qxd2 20. Nxe7+ Kh8 21. Nxd2 Bxe4 22. Nxe4 a5 23. Nd6 a4 24. bxa4 bxa4 25. Ra1 a3 26. Kf1 Rfb8 27. Nxf7+ Kh7 28. g4 a2 29. Rxa2 Rxa2 30. Nd6 Rb4 31. Nef5 g6 32. Ne3 Rxd4 33. Bg3 Rd3 34. h3 Kg8 35. Bf4 Kh7 36. h4 Kg7 37. h5 g5 38. Bg3 Kh7 39. Ndf5 Rb2 40. Kg2 Ra2 41. Kf3 Rb2 42. Ke4 Ra3 43. Nd5 Ra4+ 44. Kf3 Rb3+ 45. Nfe3 Rd4 46. Nf6+ Kg7 47. Kg2 Kf7 48. Nf5 Rd2 49. Nxh6+ Ke6 50. Nf5 d5 51. h6 Rb8 52. h7 Rh8 53. Nd6 d4 54. Nde4 Ra2 55. Nxg5+ Ke7 56. Kf3 d3 57. Ke3 d2 58. Ke2 Rd8 59. Nd5+ Rxd5 60. h8=Q d1=Q+ 61. Ke3 Ra3+ 62. Kf4 1-0


[Site "https://www.chess.com"]